Description

For Learning

Replay - ViBE's B2GM ZvT Ling Bane Hydra

Build Order

Get SALT Encoding   

  12  0:01  Drone  
  13  0:15  Overlord  
  13  0:17  Drone  
  14  0:34  Drone x2  
  16  0:46  Drone  
  17  0:55  Hatchery  
  16  1:00  Drone x2  
  18  1:17  Spawning Pool  
  17  1:19  Drone x2  
  19  1:26  Extractor  
  18  1:36  Drone  
  20  1:58  Overlord  
  20  2:06  Queen x2  
  24  2:14  Overlord  
  24  2:20  Zergling x4  
  28  2:30  Extractor  
  28  2:33  Metabolic Boost  
  29  2:41  Spore Crawler  
  33  3:02  Hatchery  
  33  3:05  Overlord  
  35  3:26  Overlord  
  39  3:27  Queen  
  41  3:34  Zergling x8  
  45  3:45  Zergling x4  
  53  4:03  Queen  
  55  4:18  Queen  
  66  4:33  Extractor x2  
  66  4:34  Lair  
  64  4:50  Baneling Nest  
  82  5:41  Hatchery  
  81  5:44  Extractor  
  81  5:45  Centrifical Hooks  
  80  5:57  Extractor x2  
  79  6:00  Spore Crawler x2  
  78  6:05  Spore Crawler  
  78  6:06  Hatchery  
  78  6:07  Zergling x4  
  78  6:08  Baneling x10  
  80  6:24  Overseer  
  90  6:40  Hydralisk Den  
  90  6:43  Evolution Chamber x2  
  108  7:16  Grooved Spines  
  108  7:17  Zerg Ground Armor Level 1, Zerg Melee Weapons Level 1  
  108  7:25  Infestation Pit  
  107  7:36  Hatchery  
  117  7:41  Spore Crawler  
  117  7:42  Extractor  
  115  7:53  Hydralisk x10  
  135  8:09  Spore Crawler  
  157  8:27  Muscular Augments  
  117  8:50  Queen  
  118  9:00  Queen x2, Hive  
  129  9:22  Extractor  
  143  9:27  Zerg Ground Armor Level 2  
  143  9:28  Zerg Melee Weapons Level 2  
  155  9:32  Lurker Den  
Spawning Tool Build Advisor. Get it on Overwolf

Go to:

Details

  • Created by: Mothai
  • Published on: Jan 05, 2020
  • Modified on: Jan 05, 2020
  • Patch: 4.11.0
Show
View Real Time Build Order
Export as new Build Order

Comments (0)

There are no comments. Be the first!

Create an account to comment!